 Dungeon Crawl Stone Soup version 0.22-a0-48-g8770677 (webtiles) character file.

783 KristoblXynda the Sneak (level 7, -4/90 HPs)
             Began as a Naga Gladiator on Jan 7, 2018.
             Was a Follower of Okawaru.
             Slain by an orc warrior
             ... wielding a +0 hand axe
              (6 damage)
             ... on level 6 of the Dungeon.
             The game lasted 00:07:37 (4305 turns).

KristoblXynda the Sneak (Naga Gladiator)            Turns: 4305, Time: 00:07:38

Health: -4/90      AC: 23    Str: 17    XL:     7   Next: 86%
Magic:  7/7        EV:  1    Int: 15    God:    Okawaru [*.....]
Gold:   230        SH:  0    Dex: 17    Spells: 6/6 levels left

rFire    . . .     SeeInvis +   a - +0 long sword
rCold    . . .     Gourm    .   (no shield)
rNeg     + + +     Faith    +   (armour currently unavailable)
rPois    +         Spirit   .   (helmet currently unavailable)
rElec    .         Reflect  .   (cloak currently unavailable)
rCorr    .         Harm     .   (gloves currently unavailable)
MR       .....     NoTele   +   (no barding)
Stlth    ++++......             l - amulet of faith
HPRegen  0.25/turn              v - +2 ring of evasion
MPRegen  0.10/turn              (no ring)

@: brilliant, agile, short of breath, tree-form, very slightly contaminated,
invisible (expiring)
A: large, see invisible, slow metabolism 1, spit poison 1, AC +2
a: Spit Poison, Heroism, Renounce Religion


You were on level 6 of the Dungeon.
You worshipped Okawaru.
Okawaru was aware of your devotion.
You were not hungry.
You were a tree.
You visited 2 branches of the dungeon, and saw 7 of its levels.

You collected 230 gold pieces.

Inventory:

Hand Weapons
 a - a +0 long sword (weapon)
Missiles
 d - 3 throwing nets (quivered)
Armour
 c - a +0 helmet (melded)
 g - a +0 ring mail (melded)
 p - a +1 cloak (melded)
Jewellery
 l - an amulet of faith (around neck)
 v - a +2 ring of evasion (left branch)
Wands
 b - a wand of digging (19)
Scrolls
 k - a scroll of blinking
 m - 6 scrolls of remove curse
 n - a scroll of immolation {unknown}
 o - a scroll of amnesia
 s - 5 scrolls of teleportation
 u - a scroll of magic mapping {unknown}
 w - a scroll of enchant weapon {unknown}
 x - a scroll of torment {unknown}
Potions
 e - a potion of lignification
 h - a potion of resistance
 q - 2 potions of brilliance
Comestibles
 f - 7 rations


   Skills:
 - Level 2.0 Fighting
 + Level 5.2 Long Blades
 - Level 2.0 Throwing
 + Level 3.0 Armour
 + Level 4.2 Dodging
 + Level 6.0 Stealth
 + Level 1.3 Invocations


You had 6 spell levels left.
You didn't know any spells.

Dungeon Overview and Level Annotations

Branches:
Dungeon (6/15)             Temple (1/1) D:4

Altars:
Ashenzari
Cheibriados
Elyvilon
Fedhas
Gozag
Hepliaklqana
Kikubaaqudgha
Makhleb
Nemelex Xobeh
Okawaru
Qazlal
Ru
Sif Muna
Trog
Uskayaw
Vehumet
Wu Jian
Xom
Yredelemnul
Zin
The Shining One

Shops:
D:4 :

Annotations:
D:6 1 transporter


Innate Abilities, Weirdness & Mutations

You cannot wear boots.
((Your serpentine skin is tough. (AC +2)))
You have supernaturally acute eyesight. (SInv)
((Armour fits poorly on your strangely shaped body.))
((Your system is resistant to poisons. (rPois)))
((You cover ground very slowly.))
You have a slow metabolism.
You can spit poison.


Message History

The orc warrior is moderately wounded.
The orc warrior hits you with a hand axe.
* * * LOW HITPOINT WARNING * * *
You closely miss the orc warrior.
The orc warrior is moderately wounded.
You have got your breath back.
The orc warrior hits you but does no damage.
You hit the orc warrior but do no damage.
The orc warrior is moderately wounded.
The orc warrior hits you with a hand axe!
* * * LOW HITPOINT WARNING * * *
Press: ? - help, Shift-Dir - straight line, p - orc priest The splash of poison misses the orc warrior.
The splash of poison hits the orc priest.
The orc priest is poisoned.
The orc priest is heavily wounded.
You feel slightly more hungry.
You flicker for a moment.
The orc warrior hits you with a hand axe.
You die...

.# ... .#.### ......
......# [©.....##
######..# _._$8##.#
($%$oc#♣# ....#S#o#
...#Do#o# ####
......#.##.......
...#..#.....# #.
.©..#.#.##..####.
......#.......##.######
....8##..#..#.....#...##
######......####.......#


You could see a centaur warrior, an orc warrior, an acid dragon, an orc priest,
an adder and 2 orcs.

Vanquished Creatures
  Grinder (D:3)
  2 ogres
  A scorpion (D:5)
  A crimson imp (D:5)
  A centaur zombie (D:6)
  An orc priest (D:5)
  2 iguanas
  Natasha (D:2)
  An orc wizard (D:5)
  A worker ant (D:5)
  A hound zombie (D:5)
  A hound skeleton (D:5)
  6 adders
  4 worms
  2 dart slugs
  A leopard gecko (D:3)
  10 orcs
  3 ball pythons
  A giant cockroach (D:5)
  5 hobgoblins
  4 jackals (D:4)
  3 kobolds
  2 quokkas
  3 bats
  2 frilled lizards
  A quokka zombie (D:6)
  2 rats
63 creatures vanquished.

Notes
Turn   | Place    | Note
-------+----------+-------------------------------------------
     0 | D:1      | KristoblXynda the Naga Gladiator began the quest for the Orb.
     0 | D:1      | Reached XP level 1. HP: 19/19 MP: 1/1
   103 | D:1      | Reached XP level 2. HP: 19/26 MP: 2/2
  1072 | D:2      | Reached skill level 1 in Stealth
  1072 | D:2      | Reached XP level 3. HP: 25/32 MP: 3/3
  1213 | D:2      | Noticed Natasha
  1223 | D:2      | Killed Natasha
  1223 | D:2      | Reached skill level 2 in Stealth
  1223 | D:2      | Reached XP level 4. HP: 23/39 MP: 4/4
  1366 | D:2      | Reached skill level 1 in Armour
  1461 | D:3      | Noticed Grinder
  1477 | D:3      | Paralysed by Grinder for 2 turns
  1492 | D:3      | Killed Grinder
  1492 | D:3      | Reached skill level 4 in Stealth
  1492 | D:3      | Reached XP level 5. HP: 45/45 MP: 5/5
  1492 | D:3      | Reached XP level 6. HP: 52/52 MP: 6/6
  2274 | D:4      | Found a staircase to the Ecumenical Temple.
  2284 | Temple   | Entered the Ecumenical Temple
  2640 | Temple   | Became a worshipper of Warmaster Okawaru
  2861 | D:4      | Found Hotuh's Book Shop.
  3249 | D:5      | Entered Level 5 of the Dungeon
  3274 | D:5      | Reached XP level 7. HP: 54/60 MP: 7/7
  3302 | D:5      | Reached skill level 5 in Stealth
  3434 | D:5      | Reached * piety under Okawaru
  3678 | D:5      | Found a stormy altar of Qazlal.
  3846 | D:5      | Reached skill level 5 in Long Blades
  4244 | D:6      | Found a transporter.
  4245 | D:6      | Noticed a centaur warrior
  4246 | D:6      | Found a sacrificial altar of Ru.
  4247 | D:6      | Found a hide-covered altar of Uskayaw.
  4272 | D:6      | Reached skill level 6 in Stealth
  4272 | D:6      | Reached skill level 1 in Invocations
  4304 | D:6      | HP: 1/90 [orc warrior/hand axe (7)]
  4305 | D:6      | Slain by an orc warrior

Vault maps used:
D:1:      evilmike_arrival_crescent, serial_bayou_pond_d
D:2:      uniq_natasha
D:3:      kennysheep_generic_room_11, uniq_grinder
D:4:      minmay_temple_entry_overgrown, serial_shops, shop
D:5:      kennysheep_mini_moat, first_ration
D:6:      gammafunk_temple_overflow_arena, serial_shops, shop_scrolls
Temple:   hc_temple_tempest_star

Skill      XL: |  1  2  3  4  5  6  7 |
---------------+----------------------+-----
Throwing       | 2 |  2.0
Stealth        | 1 2 4 6 |  6.0
Armour         | 2 3 |  3.0
Dodging        | 3 4 |  4.2
Long Blades    | 4 5 |  5.2
Invocations    | 1 |  1.3
Fighting       | |  2.0

Action                   |  1- 3 |  4- 6 |  7- 9 || total
-------------------------+-------+-------+-------++-------
Melee: Long sword        |    50 |    77 |   124 ||   251
 Abil: Spit Poison       |     5 |     8 |    12 ||    25
  Use: Scroll            |       |     5 |     3 ||     8
       Potion            |       |     1 |     5 ||     6
 Stab: Sleeping          |       |     4 |     2 ||     6
       Invisible         |       |       |     2 ||     2
  Eat: Chunk             |     1 |     3 |     2 ||     6
       Ration            |       |     1 |     1 ||     2
Armor: Leather armour    |     9 |     4 |       ||    13
       Skin              |       |    18 |    19 ||    37
       Ring mail         |       |    11 |    53 ||    64
Dodge: Dodged            |    33 |    45 |    64 ||   142
       Rpst.: Long sword |    10 |    19 |    24 ||    53

Table legend:
 A = Spawn XP
 B = Non-spawn XP
 C = Spawn XP percentage of total XP
 D = Spawn monster count
 E = Non-spawn monster count
 F = Spawn count percentage of total count
 G = Total turns spent on level
                    A         B        C        D         E        F      G
               +---------+---------+-------+---------+---------+-------+---------
         Total |       0 |    1119 |   0.0 |       0 |      63 |   0.0 |  4305
               +---------+---------+-------+---------+---------+-------+---------
           D:1 |       0 |      19 |   0.0 |       0 |      10 |   0.0 |   898
           D:2 |       0 |      81 |   0.0 |       0 |       8 |   0.0 |   515
           D:3 |       0 |     312 |   0.0 |       0 |      11 |   0.0 |   675
           D:4 |       0 |     176 |   0.0 |       0 |      10 |   0.0 |   788
           D:5 |       0 |     368 |   0.0 |       0 |      20 |   0.0 |   948
           D:6 |       0 |     163 |   0.0 |       0 |       4 |   0.0 |   108
               +---------+---------+-------+---------+---------+-------+---------
